 Dungeon Crawl Stone Soup version 0.23-a0-356-g1757c6e (webtiles) character file.

2 Cryolive the Digger (level 1, 0/10 HPs)
             Began as a Gargoyle Earth Elementalist on Oct 21, 2018.
             Slain by a kobold (1 damage)
             ... on level 1 of the Dungeon.
             The game lasted 00:00:19 (94 turns).

Cryolive the Digger (Gargoyle Earth Elementalist)     Turns: 94, Time: 00:00:20

Health: 0/10       AC:  4    Str: 11    XL:     1   Next: 30%
Magic:  3/3        EV: 12    Int: 15    God:
Gold:   36         SH:  0    Dex: 10    Spells: 3/4 levels left

rFire    . . .     SeeInvis .   (no weapon)
rCold    . . .     Gourm    .   (no shield)
rNeg     + . .     Faith    .   c - +0 robe
rPois    ∞         Spirit   .   (no helmet)
rElec    +         Reflect  .   (no cloak)
rCorr    .         Harm     .   (no gloves)
MR       .....                  (no boots)
Stlth    ++........             (no amulet)
HPRegen  0.03/turn              (no ring)
MPRegen  0.08/turn              (no ring)

@: no status effects
A: negative energy resistance 1, electricity resistance, unbreathing,
petrification resistance, rot immunity, AC +2
a: no special abilities


You were on level 1 of the Dungeon.
You were not hungry.

You visited 1 branch of the dungeon, and saw 1 of its levels.

You collected 36 gold pieces.

Inventory:

Missiles
 b - 30 stones (quivered)
Armour
 c - a +0 robe (worn)
Comestibles
 d - 2 rations


   Skills:
 + Level 1.5 Dodging
 + Level 2.1 Stealth
 + Level 2.0 Spellcasting
   Level 0.7 Transmutations
 + Level 3.8 Earth Magic


You had 3 spell levels left.
You knew the following spells:

 Your Spells              Type           Power        Failure   Level  Hunger
a - Sandblast             Erth           ##....       4%          1    #......

Your spell library contained the following spells:

 Spells                   Type           Power        Failure   Level  Hunger
 Passwall                 Tmut/Erth      #.......     13%         2    ###....
 Stone Arrow              Conj/Erth      #.....       30%         3    ###....
 Petrify                  Tmut/Erth      #.......     65%         4    #####..
 Lee's Rapid Deconstruct  Erth           ##........   77%         5    ######.


Dungeon Overview and Level Annotations

Branches:
Dungeon (1/15)

Altars:


Innate Abilities, Weirdness & Mutations

You are resistant to torment.
Your stone body is resilient. (AC +2)
You are immune to poison.
You resist negative energy. (rN+)
You are resistant to electric shocks. (rElec)
You can survive without breathing.
You are immune to petrification.
You are immune to rotting.


Message History

Tha kobold hits ye but does nay damage.
Tha kobold barely misses ye.
Ye hit tha kobold.
Tha kobold be severely wounded.
Tha kobold completely misses ye.
Tha kobold hits ye.
* * * LOW HITPOINT WARNIN'
* * * Ye hit tha kobold but do nay damage.
Tha kobold be severely wounded.
Tha kobold barely misses ye. x2
Ye hit tha kobold.
Ye kill tha kobold!
Tha kobold completely misses ye.
Tha kobold closely misses ye.
Found a run'd gold'n amulet.
Ye barely miss tha kobold.
Tha kobold misses ye.
Ye closely miss tha kobold.
Tha kobold closely misses ye.
Ye hit tha kobold but do nay damage.
Tha kobold hits ye but does nay damage.
Ye barely miss tha kobold.
Tha kobold hits ye but does nay damage.
Ye hit tha kobold but do nay damage.
Tha kobold barely misses ye.
Ye hit tha kobold but do nay damage.
Tha kobold hits ye.
Ye die...

.... . . . . ##. ##. #..
###.. .... #.#.
#...##.#.# #.#.
#.#....#.# #.#. #.#..#
#.# #.#
####(#..###.###.##
#@$...............
.......K##.......#.....#
.......................#
........#......#.#.....#
..#####........#.#.....#
" .....#.#.#.#######
####..#.#.#...##
#...........####
...............


You could see a kobold.

Vanquished Creatures
  A kobold (D:1)
  A rat (D:1)
2 creatures vanquished.

Notes
Turn   | Place    | Note
-------+----------+-------------------------------------------
     0 | D:1      | Cryolive the Gargoyle Earth Elementalist began the quest
                  | for the Orb.
     0 | D:1      | Reached XP level 1. HP: 10/10 MP: 3/3
    94 | D:1      | Slain by a kobold

Vault maps used:
D:1:      eino_arrival_water_cross

Action                   || total
-------------------------++-------
Melee: Unarmed           ||    31
Armor: Robe              ||     9
Dodge: Dodged            ||    28

Table legend:
 A = Non-vault XP
 B = Vault XP
 C = Vault XP percentage of total XP
 D = Non-vault monster count
 E = Vault monster count
 F = Vault count percentage of total count
                 A         B        C        D         E       F
            +---------+---------+-------+---------+---------+-------
      Total |       3 |       0 |   0.0 |       2 |       0 |   0.0
            +---------+---------+-------+---------+---------+-------
        D:1 |       3 |       0 |   0.0 |       2 |       0 |   0.0
            +---------+---------+-------+---------+---------+-------
